 Dungeon Crawl Stone Soup version 0.15.2 (webtiles) character file.

181 kae the Ruffian (level 5, -8/40 HPs)
             Began as a Draconian Transmuter on Feb 18, 2015.
             Mangled by a gnoll
             ... wielding a +0 flail
              (9 damage)
             ... on Level 4 of the Dungeon.
             The game lasted 00:03:50 (3712 turns).

kae the Ruffian (Draconian Transmuter)              Turns: 3712, Time: 00:03:50

HP  -8/40        AC  5     Str 13      XL: 5   Next: 34%
MP   9/9         EV 12     Int 13      God:
Gold 129         SH  0     Dex 12      Spells:  3 memorised,  2 levels left

rFire  . . .     SeeInvis .       - Unarmed
rCold  . . .     Clarity  .     (armour unavailable)
rNeg   . . .     rCorr    .     (no shield)
rPois  .         rRot     .     (helmet restricted)
rElec  .         Spirit   .     (no cloak)
SustAb .         Warding  .     (no gloves)
rMut   .         Stasis   .     (no boots)
Gourm  .                        (no amulet)
MR     .....                    (no ring)
                                (no ring)

@: flying, not resistant to hostile enchantments, very unstealthy
A: unfitting armour, cold-blooded, AC +5
a: no special abilities


You were on level 4 of the Dungeon.
You were not hungry.

You visited 1 branch of the dungeon, and saw 4 of its levels.

You collected 129 gold pieces.

Inventory:

Missiles
 b - 28 arrows
Magical devices
 o - a wand of fireball (5) {unknown}
Comestibles
 a - 4 bread rations
Scrolls
 e - a scroll of fog {unknown}
 g - 2 scrolls of teleportation {unknown}
 h - 4 scrolls of identify {unknown}
 j - a scroll of immolation {unknown}
 r - a scroll of remove curse {unknown}
 s - a scroll of fear {unknown}
Jewellery
 m - an uncursed ring of protection from fire {unknown}
Potions
 l - a potion of magic {unknown}
 n - 2 potions of confusion {unknown}
 p - a potion of resistance {unknown}
Books
 d - a book of Changes

   Spells                             Type                      Level
   *Beastly Appendage                 Transmutation                1
   *Sticks to Snakes                  Transmutation                2
   *Spider Form                       Transmutation/Poison         3
   Ice Form                           Ice/Transmutation            4
   Blade Hands                        Transmutation                5


   Skills:
 - Level 1.1 Fighting
 - Level 1.7 Dodging
 * Level 5.2 Unarmed Combat
 - Level 2.0 Spellcasting
 + Level 3.6 Transmutations


You had 2 spell levels left.
You knew the following spells:

 Your Spells              Type           Power        Failure   Level  Hunger
a - Beastly Appendage     Trmt           ##....       8%          1    ##.....
b - Sticks to Snakes      Trmt           ##........   10%         2    ###....
c - Spider Form           Trmt/Pois      #.........   38%         3    ####...


Dungeon Overview and Level Annotations

Branches:
Dungeon (4/15)
 Temple: D:4-7

Altars:
Yredelemnul
The Shining One

Annotations:
D:2 1 exclusion


Innate Abilities, Weirdness & Mutations

Your plain brown scales are hard (AC +5).
Your body does not fit into most forms of armour.
Your cold-blooded metabolism reacts poorly to cold.


Message History

You are too injured to fight recklessly!
You are too injured to fight recklessly!
You are too injured to fight recklessly!
You are too injured to fight recklessly!
You hit the gnoll but do no damage.
The gnoll is lightly wounded.
Drink which item? (? for menu, Esc to quit)
You feel refreshed.
It was a potion of restore abilities.
The gnoll barely misses you.
Drink which item? (? for menu, Esc to quit)
Your magical effects are unravelling.
You feel magically purged.
It was a potion of cancellation.
The gnoll hits you with a flail.
* * * LOW HITPOINT WARNING * * *
Drink which item? (? for menu, Esc to quit)
You feel very buoyant.
You fly up into the air.
It was a potion of flight.
Your horns disappear.
The gnoll hits you with a flail!
You die...

############
........@gg#
....######Z#
... .### Z.
.# .# .# .


You could see 2 gnolls and a hobgoblin zombie.

Vanquished Creatures
  A gnoll shaman (D:3)
  An orc priest (D:3)
  2 gnolls
  3 adders
  A worm (D:3)
  2 giant geckos
  An ooze (D:3)
  8 orcs (D:3)
  6 bats
  12 goblins
  7 hobgoblins
  7 kobolds
  4 giant cockroaches
  A giant newt (D:2)
  10 rats
66 creatures vanquished.

Vanquished Creatures (others)
  A kobold (D:2)
1 creature vanquished.

Grand Total: 67 creatures vanquished

Notes
Turn   | Place    | Note
--------------------------------------------------------------
     0 | D:1      | kae, the Draconian Transmuter, began the quest for the Orb.
     0 | D:1      | Reached XP level 1. HP: 16/16 MP: 3/3
   219 | D:1      | Reached XP level 2. HP: 23/23 MP: 4/4
   903 | D:2      | Reached XP level 3. HP: 26/28 MP: 4/6
  1042 | D:2      | HP: 1/28 [kobold/short sword (1)]
  1359 | D:2      | Reached skill level 4 in Unarmed Combat
  1772 | D:2      | Found a glowing golden altar of the Shining One.
  1773 | D:2      | Noticed an angel
  1801 | D:2      | Found a basalt altar of Yredelemnul.
  1802 | D:2      | Noticed a profane servitor
  2653 | D:3      | Learned a level 2 spell: Sticks to Snakes
  2657 | D:3      | Learned a level 3 spell: Spider Form
  2783 | D:3      | Reached XP level 4. HP: 35/35 MP: 7/7
  3273 | D:3      | Reached skill level 5 in Unarmed Combat
  3273 | D:3      | Reached XP level 5. HP: 26/40 MP: 5/9
  3711 | D:4      | HP: 1/40 [gnoll/flail (6)]
  3712 | D:4      | Mangled by a gnoll

Action                   |  1- 3 |  4- 6 || total
-------------------------+-------+-------++-------
Melee: Unarmed           |   195 |    83 ||   278
 Cast: Beastly Appendage |    10 |     1 ||    11
       Spider Form       |       |     3 ||     3
  Use: Potion            |     1 |     3 ||     4
  Eat: Chunk             |     5 |     1 ||     6
       Beef jerky        |     1 |       ||     1
       Meat ration       |       |     1 ||     1
